 Dungeon Crawl Stone Soup version 0.30-b1-2-g02819fbbbe (webtiles) character file.

Game seed: 12419916714641345219

206118 DavidChitty2 the Slayer (level 18, 0/188 HPs)
             Began as a Minotaur Fighter on May 17, 2023.
             Was a High Priest of Okawaru.
             Killed by the air
             ... invoked by a wind drake
              (6 damage)
             ... on level 1 of the Shoals on May 30, 2023.
             The game lasted 00:41:03 (29018 turns).

DavidChitty2 the Slayer (Minotaur Fighter)         Turns: 29018, Time: 00:41:04

Health: 0/188      AC: 27    Str: 35    XL:     18   Next: 6%
Magic:  26/26      EV:  5    Int:  5    God:    Okawaru [*****.]
Gold:   1250       SH: 34    Dex:  5    Spells: 17/17 levels left

rFire   . . .        a - +4 broad axe (flame)
rCold   + . .        x - +18 shield of the Gong {Loud rN+ Will+ rCorr EV-5}
rNeg    + + +        M - +6 scale mail "Qood" {rElec rN+ Will+ Str-4}
rPois   .            R - +1 hat of Irksome the Leaf {rCorr Str+3 Dex-4 SInv}
rElec   +            X - scarf of Activism {shadows, rC+ rN+}
rCorr   +            s - +1 pair of gloves
SInv    +            w - +0 pair of boots
Will    +....        E - amulet of reflection Stlth
                     p - +4 ring of protection
HPRegen 0.51/turn    r - +6 ring of strength
MPRegen 0.20/turn

%: reflection
@: weak-willed, mesmerised, very slow
A: horns 2, retaliatory headbutt, talons 1, deterioration 1
}: 1/15 runes: gossamer
a: Renounce Religion, Heroism, Finesse, Duel


You were on level 1 of the Shoals.
You worshipped Okawaru.
Okawaru was extremely pleased with you.
You visited 5 branches of the dungeon, and saw 27 of its levels.
You also visited: Gauntlet.

You collected 2918 gold pieces.
You spent 1668 gold pieces at shops.

Inventory:

Hand Weapons
 a - a +4 broad axe of flaming (weapon)
   (Okawaru gifted it to you on level 9 of the Dungeon)
 b - the +8 war axe "Puhur" {protect, rElec rPois rC+}
   (Okawaru gifted it to you on level 5 of the Lair of Beasts)

   rC:        It protects you from cold.
   rElec:     It insulates you from electricity.
   rPois:     It protects you from poison.
Missiles
 F - 4 throwing nets (quivered) {!f}
Armour
 s - a +1 pair of gloves (worn)
   (You found it on level 7 of the Dungeon)
 w - a +0 pair of boots (worn)
   (You found it on level 1 of the Dungeon)
 x - the +18 shield of the Gong (worn) {Loud rN+ Will+ rCorr EV-5}
   (You found it on level 8 of the Dungeon)

   Loud:      It is deafeningly noisy when blocking attacks.
   EV:        It affects your evasion (-5).
   rN:        It protects you from negative energy.
   rCorr:     It protects you from acid and corrosion.
   Will:      It increases your willpower.
 K - the +2 plate armour "Maoppic" {rC+ Regen+ MP+9 Int-2 Slay+3}
   (Okawaru gifted it to you on level 1 of the Lair of Beasts)

   Int:       It affects your intelligence (-2).
   Slay:      It affects your accuracy & damage with ranged weapons and melee
   (+3).
   rC:        It protects you from cold.
   MP:        It affects your magic capacity (+9).
   Regen:     It increases your rate of health regeneration.
 M - the +6 scale mail "Qood" (worn) {rElec rN+ Will+ Str-4}
   (You found it on level 4 of the Dungeon)

   Str:       It affects your strength (-4).
   rElec:     It insulates you from electricity.
   rN:        It protects you from negative energy.
   Will:      It increases your willpower.
 R - the +1 hat of Irksome the Leaf (worn) {rCorr Str+3 Dex-4 SInv}
   (You found it in a Gauntlet)

   Str:       It affects your strength (+3).
   Dex:       It affects your dexterity (-4).
   SInv:      It lets you see invisible.
   rCorr:     It protects you from acid and corrosion.
 X - the scarf of Activism (worn) {shadows, rC+ rN+}
   (You found it on level 4 of the Spider Nest)

   rC:        It protects you from cold.
   rN:        It protects you from negative energy.
Jewellery
 i - a ring of ice
   (You took it off Fannar on level 1 of the Lair of Beasts)
 o - a ring of protection from cold
   (You found it on level 15 of the Dungeon)
 p - a +4 ring of protection (left hand)
   (You found it on level 2 of the Dungeon)
 r - a +6 ring of strength (right hand)
   (You found it on level 11 of the Dungeon)
 E - an amulet of reflection (around neck)
   (You found it on level 7 of the Dungeon)
 S - a ring of protection from fire
   (You found it on level 13 of the Dungeon)
 U - a ring of positive energy
   (You found it on level 4 of the Spider Nest)
Wands
 d - a wand of iceblast (9)
   (You took it off a deep elf pyromancer on level 15 of the Dungeon)
 t - a wand of flame (46)
   (You found it on level 7 of the Dungeon)
 v - a wand of digging (5)
   (You found it on level 15 of the Dungeon)
 y - a wand of light (9)
   (You found it on level 1 of the Lair of Beasts)
 A - a wand of mindburst (23)
   (You found it on level 4 of the Dungeon)
 N - a wand of polymorph (15)
   (You found it on level 4 of the Dungeon)
Scrolls
 c - a scroll of brand weapon
 g - 2 scrolls of immolation {!r}
 k - 8 scrolls of fog
 n - 7 scrolls of magic mapping
 z - 3 scrolls of fear
 B - 5 scrolls of teleportation {@r4}
 D - 2 scrolls of torment {!r}
 H - a scroll of silence
 P - 9 scrolls of identify {@r1}
 Q - a scroll of poison {!r}
 V - a scroll of enchant armour
Potions
 e - 5 potions of might
 f - 12 potions of curing {@q1}
 h - 3 potions of magic
 m - a potion of attraction {!q}
 q - 2 potions of flight
 u - a potion of resistance
 C - 5 potions of ambrosia
 G - a potion of brilliance
 I - 3 potions of invisibility
 J - 4 potions of haste {@q3}
 L - a potion of cancellation
 O - 3 potions of mutation {!q}
 T - a potion of berserk rage


   Skills:
 + Level 23.1 Fighting
 - Level 18.0 Axes
 + Level 21.0 Armour
 - Level 15.0 Shields
 - Level 12.0 Invocations


You had 17 spell levels left.
You didn't know any spells.
Your spell library contained the following spells:

 Spells                   Type           Power      Damage    Failure   Level
 Apportation              Tloc           0%         N/A       71%         1
 Freeze                   Ice            0%         1d3       71%         1
 Magic Dart               Conj           0%         1d3       71%         1
 Necrotise                Necr           0%         1d4       71%         1
 Sandblast                Erth           0%         2d4       71%         1
 Sting                    Tmut/Pois      0%         1d3       71%         1
 Passwall                 Tmut/Erth      0%         N/A       83%         2
 Poisonous Vapours        Pois/Air       0%         N/A       83%         2
 Searing Ray              Conj           0%         2d4       83%         2
 Sublimation of Blood     Necr           0%         N/A       83%         2
 Wereblood                Tmut           0%         N/A       83%         2
 Frozen Ramparts          Ice            0%         1d1       97%         3
 Hailstorm                Conj/Ice       0%         3d3       97%         3
 Ignite Poison            Fire/Tmut/Pois 0%         N/A       97%         3
 Mephitic Cloud           Conj/Pois/Air  0%         N/A       97%         3
 Ozocubu's Armour         Ice            0%         N/A       97%         3
 Stone Arrow              Conj/Erth      0%         3d7       97%         3
 Vhi's Electric Charge    Tloc/Air       0%         N/A       97%         3
 Cause Fear               Hex            0%         N/A       100%        4
 Fulminant Prism          Conj/Hex       0%         3d5       100%        4
 Olgreb's Toxic Radiance  Pois           0%         N/A       100%        4
 Sticky Flame             Conj/Fire      0%         2d3       100%        4
 Alistair's Intoxication  Tmut/Pois      0%         N/A       100%        5
 Arcjolt                  Conj/Air       0%         1d10      100%        5
 Blade Hands              Tmut           0%         N/A       100%        5
 Borgnjor's Vile Clutch   Necr/Erth      0%         N/A       100%        5
 Freezing Cloud           Conj/Ice/Air   0%         6-21      100%        5
 Irradiate                Conj/Tmut      0%         3d11      100%        5
 Metabolic Englaciation   Hex/Ice        0%         N/A       100%        5
 Eringya's Noxious Bog    Tmut/Pois      0%         N/A       100%        6
 Iron Shot                Conj/Erth      0%         9d1       100%        6
 Plasma Beam              Fire/Air       0%         2x1d11    100%        6
 Statue Form              Tmut/Erth      0%         N/A       100%        6
 Dragon Form              Tmut           0%         N/A       100%        7
 Ignition                 Fire           0%         3d3       100%        8
 Summon Small Mammal      Summ           Unusable   N/A       N/A         1
 Animate Dead             Necr           Unusable   N/A       N/A         4
 Death Channel            Necr           Unusable   N/A       N/A         6
 Simulacrum               Ice/Necr       Unusable   N/A       N/A         6
 Summon Hydra             Summ           Unusable   N/A       N/A         7
 Dragon's Call            Summ           Unusable   N/A       N/A         9

Dungeon Overview and Level Annotations

Branches:
Dungeon (15/15)            Temple (0/1) D:7            Lair (5/5) D:10
 Shoals (1/4) Lair:3       Spider (4/4) Lair:2        Slime (0/5) Lair:5
    Orc (2/2) D:11            Elf (0/3) Orc:2        Vaults (0/5) D:14
 Depths (0/4) D:15        Gauntlet (visited)

Altars:
Ashenzari
Fedhas
Kikubaaqudgha
Okawaru
Qazlal
Vehumet
Wu Jian
Xom
Yredelemnul
Jiyva

Shops:
D:10 ![   D:14 :(   D:15 :   Orc:2 ?(=*[

Annotations:
D:5 2 transporters
Spider:2 2 runed translucent doors, Feguytzu's ghost, journeyman GrMo


Innate Abilities, Weirdness & Mutations

You have a pair of horns on your head.
You reflexively headbutt those who attack you in melee.
You have sharp toenails.
Your body sometimes deteriorates upon taking damage.


Message History

* * * LOW HITPOINT WARNING * * *
The merfolk siren chants its luring song.
You feel much better. The wind drake flaps its wings at you.
The air twists around and strikes you.
The dream sheep shake their wool and sparkle.
You feel drowsy...
You fall asleep.
The sea snake bites you!!
You wake up.
* * * LOW HITPOINT WARNING * * *
You block the skyshark's attack.
GONNNNG!
The skyshark tail-slaps you but does no damage. x2
The skyshark bites you!
* * * LOW HITPOINT WARNING * * *
The skyshark tastes blood and grows stronger!
You block the skyshark's attack.
BONNNG!
You block the skyshark's attack.
PTOANNNG!
The merfolk siren chants its luring song.
You slice the sea snake!! You burn the sea snake!
Your headbutt misses the sea snake. You slice the skyshark!!
You burn the skyshark! You slice the skyshark!! You burn the skyshark!
You block the sea snake's attack.
GONNNNG!
You block the skyshark's attack.
GONNNNG!
You block the skyshark's attack.
PTOANNNG!
The skyshark tail-slaps you but does no damage.
Splash!
You fall into the shallow water.
Moving in this stuff is going to be slow.
The skyshark bites you but does no damage.
The skyshark tail-slaps you but does no damage.
The skyshark barely misses you.
Okay, then.
Okay, then.
You slash the sea snake! You burn the sea snake.
You kill the sea snake!
Okawaru accepts your kill.
You hit the skyshark but do no damage. You slash the skyshark!
You burn the skyshark.
You kill the skyshark!
Okawaru accepts your kill.
You hit the water nymph. You burn the water nymph.
The merfolk siren chants its luring song.
The wind drake flaps its wings at you. The air twists around and strikes you.
You die...

....##..~~~..~~~Y~~~~≈≈≈
...##...~~..~†~~~~~≈≈≈≈≈
~.........~~Ym~)~~~≈≈≈≈≈≈
~~~.........~†.Y~~≈≈≈≈≈≈≈≈
~~.......##..~~~~~≈≈≈≈≈≈≈≈≈
~~.....#####Y..~~~≈≈≈≈≈≈≈≈≈≈≈
~~~.#..## ##.k[~~~≈≈≈≈≈≈≈≈≈≈≈
~~~.....###m.l~(~~≈≈~~~≈≈≈≈≈≈
~~~.~~....~~@H..~~~≈~~~~~~≈≈≈
≈≈~~~~~.(.....#..~~~~...~~≈≈≈
≈≈≈≈~~~....#####.~~~~.~~~~≈≈≈
≈≈~~.......## #.~~~~.†~~~≈≈≈
~~.#####....####.~~~...~~≈≈≈≈
~~. ##.....##~≈≈≈..#.~~~~~≈
~~.####........≈≈≈......~~~~≈
~~.......###....~~......~~~~≈
~~~~.....###.....~...~~~~~~≈≈


You could see a skyshark (strong), a wind drake (repels missiles), a manticore
(skewered), a merfolk siren (mesmerising), a water nymph and 3 dream sheep.

Vanquished Creatures
  Saint Roka (Arena)
  Rupert (D:13)
  Donald (Spider:4)
  Roxanne (Spider:4)
  5 emperor scorpions
  An orc warlord (Orc:2)
  3 ghost moths (Spider:4)
  A reaper (Gauntlet)
  2 broodmothers
  2 dire elephants (Spider:2)
  A minotaur (Gauntlet)
  Azrael (D:14)
  4 spark wasps
  Snorg (D:10)
  3 entropy weavers
  4 hydras
  2 vault guards (D:14)
  Fannar (Lair:1)
  2 jorogumos
  2 ogre magi
  7 catoblepae
  3 radroaches
  14 two-headed ogres
  9 centaur warriors
  13 boulder beetles
  A tengu warrior (D:13)
  10 death yaks
  2 orc high priests
  Urug (Orc:2)
  Nergalle (Orc:2)
  A deep elf knight (Spider:2)
  A storm dragon zombie (D:15)
  5 pharaoh ants
  2 skeletal warriors (D:15)
  3 skysharks
  A sun moth (Spider:4)
  3 sea snakes (Shoals:1)
  A spark wasp zombie (D:15)
  11 orb spiders
  A deep elf archer (Spider:2)
  10 steelbarb worms
  Pikel (D:6)
  2 necromancers
  9 orc knights
  4 wizards
  A phantasmal warrior (D:15)
  5 deep elf pyromancers
  9 manticores
  26 wolf spiders
  2 oklob plants (Lair:5)
  6 orc sorcerers (Orc:2)
  9 cyclopes
  2 moths of wrath
  20 elephants
  10 ugly things
  A shining eye (shapeshifter) (D:14)
  A fire giant zombie (D:15)
  A merfolk siren (Shoals:1)
  5 black mambas
  Maurice (D:12)
  11 cane toads
  8 demonic crawlers
  2 vault sentinels (D:7)
  6 torpor snails
  12 komodo dragons
  An unseen horror (D:12)
  A freezing wraith (D:12)
  A kobold demonologist (D:11)
  3 rime drakes
  A yaktaur (D:15)
  A merfolk (Shoals:1)
  2 hellwings (Gauntlet)
  7 trolls
  2 wolf spider simulacra (Gauntlet)
  11 hornets
  17 tarantellas
  7 meliai
  4 polar bears
  13 blink frogs
  A wind drake (Shoals:1)
  A raiju (Spider:2)
  2 snapping turtles (Shoals:1)
  23 jumping spiders
  An ettin zombie (D:15)
  4 slime creatures
  A jumping spider (shapeshifter) (D:14)
  10 dream sheep
  A shadow (D:12)
  Sigmund (D:4)
  5 water elementals
  8 wyverns
  84 yaks
  A vampire (D:11)
  4 centaur simulacra
  19 humans (D:14)
  4 wraiths
  27 culicivoras
  4 fire elementals (D:14)
  2 basilisks
  A steam dragon (D:7)
  7 vampire mosquitoes
  4 wargs
  63 redbacks
  A harpy simulacrum (D:15)
  4 hell hounds (D:14)
  3 acid dragons
  18 water moccasins
  A black bear (D:9)
  2 sky beasts (D:6)
  An ice dragon simulacrum (Gauntlet)
  36 orc warriors
  3 ice beasts
  3 boggarts (D:15)
  8 centaurs
  9 ogres
  8 wolves
  A phantom (D:5)
  3 lemures (D:6)
  Blork the orc (Orc:2)
  3 kobold brigands (D:9)
  11 bullfrogs
  A scorpion (D:10)
  2 gnoll sergeants
  14 wights
  7 killer bees
  8 electric eels
  A howler monkey (D:9)
  2 lava snakes (D:9)
  4 hounds
  A jelly (D:4)
  26 orc priests
  A gnoll bouda (Lair:4)
  3 sleepcaps
  Jessica (D:3)
  Natasha (thrice) (D:2)
  3 iguanas
  21 orc wizards
  A boggart simulacrum (D:15)
  Robin (D:3)
  17 gnolls
  8 adders
  2 shadow imps
  10 white imps
  5 ufetubi
  3 worms
  3 dart slugs
  75 orcs
  5 endoplasms
  3 giant cockroaches
  16 goblins
  14 hobgoblins
  5 jackals
  4 quokkas
  7 ball pythons
  5 bats
  3 frilled lizards
  24 kobolds
  4 rats
1071 creatures vanquished.

Vanquished Creatures (others)
  A ghost moth (Spider:4)
  A manticore (D:14)
  A tarantella (Spider:4)
  A human (D:3)
  36 fungi
  71 plants
  8 withered plants (D:15)
119 creatures vanquished.

Grand Total: 1190 creatures vanquished

Notes
Turn   | Place    | Note
-------+----------+-------------------------------------------
     0 | D:1      | DavidChitty2 the Minotaur Fighter began the quest for the
                  | Orb.
     0 | D:1      | Reached XP level 1. HP: 19/19 MP: 0/0
   241 | D:1      | Reached XP level 2. HP: 27/27 MP: 1/1
   503 | D:2      | Reached skill level 4 in Fighting
   503 | D:2      | Reached XP level 3. HP: 26/33 MP: 2/2
   650 | D:2      | You fall into a shaft and drop 2 floors!
   829 | D:2      | Reached XP level 4. HP: 40/40 MP: 3/3
   885 | D:2      | Noticed Natasha
   893 | D:2      | Killed Natasha
  1125 | D:2      | Noticed Natasha
  1135 | D:2      | HP: 1/41 [cerulean imp/+0 spear[Natasha] (4)]
  1136 | D:2      | Killed Natasha
  1137 | D:2      | Reached XP level 5. HP: 2/47 MP: 4/4
  1498 | D:2      | Noticed Natasha
  1506 | D:2      | Killed Natasha
  1659 | D:3      | Found an iron altar of Okawaru.
  1659 | D:3      | Found a radiant altar of Vehumet.
  1728 | D:3      | Became a worshipper of Warmaster Okawaru
  1795 | D:3      | Noticed Robin
  1801 | D:3      | Killed Robin
  1925 | D:3      | Found an ancient bone altar of Kikubaaqudgha.
  1933 | D:3      | Noticed a human
  1935 | D:3      | Killed a human
  2149 | D:3      | Noticed Jessica
  2151 | D:3      | Killed Jessica
  2152 | D:3      | Reached skill level 5 in Axes
  2201 | D:3      | Noticed an ogre
  2204 | D:3      | Killed an ogre
  2205 | D:3      | Reached skill level 5 in Fighting
  2205 | D:3      | Reached skill level 1 in Invocations
  2205 | D:3      | Reached XP level 6. HP: 56/56 MP: 5/5
  2400 | D:4      | Identified the +6 scale mail "Qood" {rElec rN+ Will+ Str-4}
  2504 | D:4      | Noticed Sigmund
  2568 | D:4      | Killed Sigmund
  2569 | D:4      | Reached skill level 5 in Armour
  2569 | D:4      | Reached skill level 5 in Shields
  2569 | D:4      | Reached XP level 7. HP: 51/61 MP: 5/7
  2979 | D:5      | Entered Level 5 of the Dungeon
  3064 | D:5      | Reached * piety under Okawaru
  3187 | D:5      | Identified the +3 leather armour of Midwinter {rElec rPois
                  | SInv Stlth-}
  3375 | D:5      | Found a transporter.
  3377 | D:5      | Noticed a fire bat
  3378 | D:5      | Noticed a fire bat
  3545 | D:5      | Found a transporter.
  3731 | D:6      | Noticed Pikel
  3738 | D:6      | Reached XP level 8. HP: 70/70 MP: 9/9
  3750 | D:6      | Killed Pikel
  3750 | D:6      | Reached ** piety under Okawaru
  3751 | D:6      | Reached skill level 6 in Fighting
  4356 | D:6      | Reached XP level 9. HP: 77/78 MP: 11/11
  4506 | D:6      | Found an ornate altar of the Wu Jian Council.
  4896 | D:7      | Reached skill level 7 in Fighting
  5024 | D:7      | Reached *** piety under Okawaru
  5174 | D:7      | Found a staircase to the Ecumenical Temple.
  5494 | D:8      | Received a gift from Okawaru
  5495 | D:8      | Reached skill level 10 in Axes
  5495 | D:8      | Reached skill level 5 in Invocations
  5628 | D:8      | Paralysed by a hornet for 2 turns
  5637 | D:8      | Paralysed by a hornet for 3 turns
  6145 | D:8      | Noticed a vault sentinel
  6145 | D:8      | Noticed a vault sentinel
  6273 | D:7      | Killed a vault sentinel
  6274 | D:7      | Reached skill level 8 in Fighting
  6274 | D:7      | Reached XP level 10. HP: 79/88 MP: 12/12
  6313 | D:7      | Killed a vault sentinel
  6313 | D:7      | Reached **** piety under Okawaru
  6362 | D:8      | Found the +18 shield of the Gong {Loud rN+ Will+ rCorr
                  | EV-5}
  6469 | D:9      | Reached ***** piety under Okawaru
  6752 | D:9      | Received a gift from Okawaru
  7489 | D:10     | Entered Level 10 of the Dungeon
  7504 | D:10     | Found a staircase to the Lair.
  7507 | D:10     | Reached skill level 9 in Fighting
  7589 | D:9      | Reached XP level 11. HP: 59/97 MP: 14/14
  7709 | D:9      | Received a gift from Okawaru
  7834 | D:10     | Found Iwnuol's Distillery.
  7887 | D:10     | Bought a potion of curing for 36 gold pieces
  7887 | D:10     | Bought a potion of heal wounds for 60 gold pieces
  7887 | D:10     | Bought a potion of heal wounds for 60 gold pieces
  7887 | D:10     | Bought a potion of heal wounds for 60 gold pieces
  7887 | D:10     | Bought a potion of heal wounds for 60 gold pieces
  8030 | D:10     | Found a basalt altar of Yredelemnul.
  8050 | D:10     | Found a shimmering altar of Xom.
  8112 | D:10     | Found a broken altar of Ashenzari.
  8150 | D:10     | Found a stormy altar of Qazlal.
  8252 | D:10     | Found Emmon's Antique Armour Shoppe.
  8733 | D:11     | Noticed Snorg
  8740 | D:11     | Noticed a two-headed ogre
  8761 | D:11     | HP: 4/97 [Snorg (20)]
  8769 | D:10     | Killed Snorg
  8927 | D:10     | Killed a two-headed ogre
  9114 | D:11     | Noticed a sun demon
  9116 | D:11     | Noticed a soul eater
  9119 | D:11     | Noticed a boulder beetle
  9169 | D:11     | Killed a boulder beetle
  9170 | D:11     | Reached skill level 10 in Fighting
  9170 | D:11     | Reached skill level 10 in Shields
  9188 | D:11     | Reached skill level 10 in Armour
  9333 | D:11     | Found a staircase to the Orcish Mines.
  9904 | Lair:1   | Entered Level 1 of the Lair of Beasts
 10218 | Lair:1   | Identified the +2 plate armour "Maoppic" {rC+ Regen+ MP+9
                  | Int-2 Slay+3} (Okawaru gifted it to you on level 1 of the
                  | Lair of Beasts)
 10218 | Lair:1   | Received a gift from Okawaru
 10224 | Lair:1   | Reached XP level 12. HP: 92/107 MP: 16/16
 10504 | Lair:1   | Noticed Fannar
 10521 | Lair:1   | Reached skill level 11 in Fighting
 10808 | Lair:1   | Reached skill level 15 in Axes
 10825 | Lair:1   | Killed Fannar
 11099 | Lair:1   | You fall into a shaft and drop 1 floor!
 11133 | Lair:2   | Received a gift from Okawaru
 11742 | Lair:2   | Found a hole to the Spider Nest.
 12069 | Lair:2   | Got Starting Spellweaving
 12660 | Spider:1 | Entered Level 1 of the Spider Nest
 12660 | Spider:1 | Noticed a boulder beetle
 12712 | Lair:3   | Reached XP level 13. HP: 98/116 MP: 18/18
 12756 | Lair:3   | Found a staircase to the Shoals.
 12796 | Lair:3   | Reached ****** piety under Okawaru
 12797 | Lair:3   | Received a gift from Okawaru
 13170 | Lair:4   | Identified the +3 hand axe of Quokk {vamp, rC- Int+7}
                  | (Okawaru gifted it to you on level 4 of the Lair of Beasts)
 13170 | Lair:4   | Received a gift from Okawaru
 13179 | Lair:4   | Reached skill level 12 in Fighting
 14125 | Lair:5   | Entered Level 5 of the Lair of Beasts
 14178 | Lair:5   | Identified the +8 war axe "Puhur" {protect, rElec rPois
                  | rC+} (Okawaru gifted it to you on level 5 of the Lair of
                  | Beasts)
 14178 | Lair:5   | Received a gift from Okawaru
 14206 | Lair:5   | Reached skill level 10 in Invocations
 14213 | Lair:5   | Reached XP level 14. HP: 70/127 MP: 14/20
 14406 | Lair:5   | Identified the +4 triple crossbow of the Nurturing Pill Bug
                  | {drain, rPois rC- Int+2 Stlth+} (Okawaru gifted it to you
                  | on level 5 of the Lair of Beasts)
 14406 | Lair:5   | Received a gift from Okawaru
 14674 | Lair:5   | Found a staircase to the Slime Pits.
 14675 | Lair:5   | Found a viscous altar of Jiyva.
 15027 | Lair:5   | Reached skill level 13 in Fighting
 15046 | Lair:5   | Received a gift from Okawaru
 15296 | Lair:5   | Identified the +5 buckler "Fauklav" {rF+}
 15743 | D:12     | Noticed Maurice
 15753 | D:12     | Killed Maurice
 15956 | D:12     | Identified the staff of death "Etzesoka" {rElec rPois rF+
                  | rN+ Will-}
 15971 | D:12     | Identified the amulet of the Commoners {RegenMP Str+3}
 16342 | D:12     | Received a gift from Okawaru
 16776 | D:13     | Noticed Rupert
 16795 | D:13     | Killed Rupert
 16864 | D:13     | Received a gift from Okawaru
 16868 | D:13     | Reached skill level 14 in Fighting
 16868 | D:13     | Reached XP level 15. HP: 125/138 MP: 22/22
 16886 | D:13     | Found a gate leading to a gauntlet.
 16900 | Gauntlet | Entered a Gauntlet
 16900 | Gauntlet | Found a large runed translucent door.
 16900 | Gauntlet | Found a large runed translucent door.
 16900 | Gauntlet | Found a large runed translucent door.
 16900 | Gauntlet | Found a large runed translucent door.
 16900 | Gauntlet | Found a runed translucent door.
 16900 | Gauntlet | Found a large runed translucent door.
 16900 | Gauntlet | Found a large runed translucent door.
 16900 | Gauntlet | Found a transporter.
 16900 | Gauntlet | Found a transporter.
 16900 | Gauntlet | Found a large runed translucent door.
 16900 | Gauntlet | Found a large runed translucent door.
 16900 | Gauntlet | Found a runed translucent gate.
 16900 | Gauntlet | Found a runed translucent gate.
 16900 | Gauntlet | Found a transporter.
 16947 | Gauntlet | Found a transporter.
 16951 | Gauntlet | Found a transporter.
 16961 | Gauntlet | Found a transporter.
 16965 | Gauntlet | Found a transporter.
 16981 | Gauntlet | Found a transporter.
 16993 | Gauntlet | Found a transporter.
 17001 | Gauntlet | Found a transporter.
 17019 | Gauntlet | Found a transporter.
 17021 | Gauntlet | Found a runed translucent gate.
 17023 | Gauntlet | Found a large runed translucent door.
 17025 | Gauntlet | Found a runed translucent door.
 17036 | Gauntlet | Found a large runed translucent door.
 17036 | Gauntlet | Found a large runed translucent door.
 17036 | Gauntlet | Found a large runed translucent door.
 17037 | Gauntlet | Found a large runed translucent door.
 17037 | Gauntlet | Found a large runed translucent door.
 17038 | Gauntlet | Found a large runed translucent door.
 17038 | Gauntlet | Found a large runed translucent door.
 17063 | Gauntlet | Found a transporter.
 17205 | Gauntlet | Identified the +0 hat "Virehergh" {rN+}
 17428 | Gauntlet | Identified the +1 hat of Irksome the Leaf {rCorr Str+3
                  | Dex-4 SInv}
 17505 | Gauntlet | Identified the staff of conjuration "Miniskuv" {rC+}
 17973 | D:13     | Identified the +0 demon whip of the Lame Duck {venom, Str+5
                  | Dex+2} (Okawaru gifted it to you on level 13 of the
                  | Dungeon)
 17973 | D:13     | Received a gift from Okawaru
 18863 | D:14     | Found Sehipt's Weapon Emporium.
 18976 | D:14     | Found Poto's Book Emporium.
 19151 | D:14     | Reached skill level 15 in Shields
 19153 | D:14     | Reached skill level 15 in Armour
 19154 | D:14     | Reached skill level 15 in Fighting
 19207 | D:14     | Noticed Azrael
 19211 | D:14     | Identified the +0 pair of gloves of Jotti {Int+3} (Okawaru
                  | gifted it to you on level 14 of the Dungeon)
 19211 | D:14     | Received a gift from Okawaru
 19219 | D:14     | Killed Azrael
 19489 | D:14     | Found a blossoming altar of Fedhas.
 19562 | D:14     | Bought a manual of Fighting for 1280 gold pieces
 19641 | D:14     | Found a gate to the Vaults.
 19953 | D:15     | Entered Level 15 of the Dungeon
 20007 | D:15     | Reached skill level 16 in Fighting
 20165 | D:14     | Gained mutation: You have sharp toenails. [a shining eye]
 20376 | D:15     | Reached XP level 16. HP: 154/154 MP: 24/24
 20388 | D:15     | Reached skill level 17 in Fighting
 20608 | D:15     | Identified a scroll of acquirement
 20608 | D:15     | Acquired a +0 hat of see invisible
 20622 | D:15     | Found Lodoelab's Book Emporium.
 20736 | D:15     | Found a staircase to the Depths.
 20741 | D:15     | Identified the +2 scale mail "Zuhuf" {rPois Int+3} (Okawaru
                  | gifted it to you on level 15 of the Dungeon)
 20741 | D:15     | Received a gift from Okawaru
 21138 | D:15     | Found a stormy altar of Qazlal.
 21260 | Orc:1    | Entered Level 1 of the Orcish Mines
 21295 | Orc:1    | Reached skill level 18 in Fighting
 21742 | Orc:2    | Entered Level 2 of the Orcish Mines
 21792 | Orc:2    | Found a staircase to the Elven Halls.
 22029 | Orc:2    | Found a transporter.
 22029 | Orc:2    | Found Voma's Magic Scroll Emporium.
 22062 | Orc:2    | Found a transporter.
 22081 | Orc:2    | Bought a scroll of blinking for 112 gold pieces
 22125 | Orc:2    | Noticed Saint Roka
 22128 | Arena    | Entered the Arena
 22137 | Arena    | Killed Saint Roka
 22206 | Orc:2    | Noticed Blork the orc
 22224 | Orc:2    | Killed Blork the orc
 22229 | Orc:2    | Noticed Urug
 22231 | Orc:2    | Noticed Nergalle
 22237 | Orc:2    | Reached skill level 19 in Fighting
 22246 | Orc:2    | Gained mutation: Your body sometimes deteriorates upon
                  | taking damage. [a neqoxec]
 22255 | Orc:2    | Killed Urug
 22260 | Orc:2    | Killed Nergalle
 22268 | Orc:2    | Found Egozi's Antique Armour Boutique.
 22571 | Orc:2    | Found Uvextuat's General Store.
 22586 | Orc:2    | Found Ceoqutuo's Antique Weapon Boutique.
 22602 | Orc:2    | Found Boosch's Jewellery Boutique.
 23471 | Lair:2   | Reached skill level 20 in Fighting
 24543 | Spider:2 | Reached skill level 21 in Fighting
 25146 | Spider:2 | Reached XP level 17. HP: 173/173 MP: 25/25
 25270 | Spider:2 | Found a large runed translucent door.
 25270 | Spider:2 | Found a large runed translucent door.
 25271 | Spider:2 | Noticed Feguytzu's ghost (journeyman GrMo)
 25915 | Spider:2 | Received a gift from Okawaru
 25915 | Spider:2 | Found the +7 lajatang of Order {silver, rMut}
 26673 | Spider:3 | Identified the scarf of the Devil {harm, Fly rC+ Int+3}
                  | (Okawaru gifted it to you on level 3 of the Spider Nest)
 26673 | Spider:3 | Received a gift from Okawaru
 26922 | Spider:4 | Entered Level 4 of the Spider Nest
 26948 | Spider:4 | Identified Roxanne's Guide on the Quake
 26948 | Spider:4 | Noticed Roxanne
 26956 | Spider:4 | Reached skill level 22 in Fighting
 27047 | Spider:4 | Killed Roxanne
 27110 | Spider:4 | Noticed Donald
 27149 | Spider:4 | Killed Donald
 28346 | Spider:4 | Identified the +5 ring mail "Iwky" {Rampage rN+ Str+3
                  | Dex-3} (Okawaru gifted it to you on level 4 of the Spider
                  | Nest)
 28346 | Spider:4 | Received a gift from Okawaru
 28542 | Spider:4 | Reached skill level 23 in Fighting
 28592 | Spider:4 | Identified the scarf of Activism {shadows, rC+ rN+}
 28627 | Spider:4 | Got a gossamer rune of Zot
 28670 | Spider:4 | Reached XP level 18. HP: 188/188 MP: 26/26
 28872 | Shoals:1 | Entered Level 1 of the Shoals
 29016 | Shoals:1 | HP: 5/188 [skyshark (12)]
 29018 | Shoals:1 | Killed from afar by a wind drake

Illustrated notes

Levels and vault maps discovered:
D:1:      ebering_trefoil_3fold, layout_rooms
D:2:      layout_basic, uniq_natasha
D:3:      layout_loops_ring, tgw_kikubaaqudgha,
          chequers_temple_overflow_statue_of_worship, lemuel_flame_loot_1,
          uniq_jessica, uniq_robin
D:4:      layout_cave_pools, grunt_decor_arrowhead, uniq_sigmund
D:5:      gammafunk_cloud_chamber, layout_loops_ring
D:6:      layout_cave_pods, pdpol_wu_jian_five_deadly_venoms, uniq_pikel
D:7:      layout_basic, minmay_temple_entry_trees
D:8:      layout_loops_ring, hellmonk_guarded_unrand_gong
D:9:      layout_basic, kennysheep_diamond
D:10:     layout_grid_maze, mainiacjoe_overflow_paths,
          mainiacjoe_overflow_catch_the_wave, mainiacjoe_overflow_catwalk,
          minmay_lair_entry_grove, serial_shops, shop, shop
D:11:     layout_basic, orc_0_dummy, uniq_snorg
D:12:     nooodl_glass_maze, layout_basic, uniq_maurice
D:13:     kennysheep_room_grid, layout_basic, gauntlet_entry_generic,
          uniq_rupert
D:14:     layout_gridville, grunt_vaults_entry_tiered, serial_shops, shop,
          nicolae_shop_crystal, fedhas_altar_4, uniq_azrael
D:15:     gammafunk_depths_entry_grave, layout_rooms, serial_ice, serial_ice_n,
          serial_ice_f, serial_ice_h, serial_ice_d, serial_ice_a, serial_ice_i,
          serial_ice_g, serial_ice_e, serial_ice_b, serial_ice_c, serial_shops,
          nicolae_shop_advertising_works [nicolae_subvault_shop_adworks],
          nicolae_qazlal_eye_of_the_storm, minmay_fractal_squares_diagonal_5
Lair:1:   layout_regular_city, guppyfry_lair_drakes, grunt_megastairs_3,
          infiniplex_staircase_pool_2, uniq_fannar
Lair:2:   layout_chaotic_city, spider_nest_entry_a, serial_bayou_pond_b,
          nicolae_lair_grove_arrangements, infiniplex_staircase_pool,
          serial_bayou_shore_a
Lair:3:   layout_big_grid, minmay_shoals_entry_centaurs
Lair:4:   layout_cave_pods, chequers_serial_rivers_micro_b,
          dreamdust_gnoll_shepherd, grunt_megastairs_4
Lair:5:   evilmike_catoblepas_cave, layout_gridlike,
          minmay_slime_entry_oklob_open
Shoals:1: layout_shoals, nicolae_shoals_so_close
Spider:1: layout_spider_delve
Spider:2: layout_spider_delve, ebering_ghost_disaster_area,
          beargit_elvish_explorers
Spider:3: layout_spider_delve, nicolae_spider_rock_and_or_roll,
          nicolae_spider_cling_halls
Spider:4: spider_rune_water, uniq_donald, uniq_roxanne
Orc:1:    layout_caves, mines2_david
Orc:2:    grunt_orc_cross, layout_diamond_mine, serial_shops,
          nicolae_shop_drivethru, minmay_orc_temple_b, uniq_saint_roka

Skill      XL: |  1  2  3  4  5  6  7  8  9 10 11 12 13 14 15 16 17 18 |
---------------+-------------------------------------------------------+-----
Axes           | 3 4 5 7 8 10 12 13 15 17 18 | 18.0
Fighting       | 4 5 6 8 9 10 11 12 14 16 21 23 | 23.1
Armour         | 4 5 6 7 9 10 11 12 13 16 18 20 21 | 21.0
Shields        | 4 5 6 8 9 10 11 12 14 15 | 15.0
Invocations    | 1 2 4 5 6 7 8 10 11 12 | 12.0

Action                     |  1- 3 |  4- 6 |  7- 9 | 10-12 | 13-15 | 16-18 || total
---------------------------+-------+-------+-------+-------+-------+-------++-------
  Melee: War axe           |    61 |   132 |   296 |   194 |     6 |   777 ||  1466
         Headbutt          |     9 |    19 |    46 |   100 |   208 |   222 ||   604
         Broad axe         |       |       |       |   387 |   792 |   347 ||  1526
 Invoke: Heroism           |       |       |     1 |     2 |     6 |     9 ||    18
         Finesse           |       |       |       |     2 |     6 |     8 ||    16
         Duel              |       |       |       |       |       |     1 ||     1
  Evoke: Wand              |       |       |     8 |     7 |     5 |     1 ||    21
    Use: Scroll            |       |       |    12 |    12 |     7 |     8 ||    39
         Potion            |       |       |     1 |     4 |       |     4 ||     9
   Stab: Petrified         |       |       |       |       |     6 |       ||     6
         Petrifying        |       |       |       |       |       |     1 ||     1
 Armour: Scale mail        |    40 |    76 |   218 |   240 |   199 |   457 ||  1230
  Dodge: Dodged            |    26 |    64 |   129 |    64 |    34 |   102 ||   419
  Block: Buckler           |    17 |    17 |    77 |     1 |       |       ||   112
         Kite shield       |       |       |       |   919 |   861 |  1488 ||  3268
         Reflection        |       |       |       |     2 |    35 |    32 ||    69
